 Dungeon Crawl Stone Soup version 0.27-a0-931-g5a74e75d8f (webtiles) character file.

Game seed: 13017405537356328168

572 Alarkh the Martial Artist (level 7, 0/53 HPs)
             Began as a Demonspawn Gladiator on Apr 10, 2021.
             Slain by an orc
             ... wielding a +0 flail
              (5 damage)
             ... on level 5 of the Dungeon.
             The game lasted 00:04:00 (3602 turns).

Alarkh the Martial Artist (Demonspawn Gladiator)    Turns: 3602, Time: 00:04:00

Health: 0/53       AC:  4    Str: 14    XL:     7   Next: 12%
Magic:  7/7        EV: 12    Int: 12    God:
Gold:   176        SH:  0    Dex: 14    Spells: 6/6 levels left

rFire    . . .     SeeInvis .     - Unarmed
rCold    . . .     Faith    .   (no shield)
rNeg     . . .     Spirit   .   a - +0 leather armour
rPois    +         Reflect  .   b - +0 helmet
rElec    .         Harm     .   (no cloak)
rCorr    .         Rampage  .   (no gloves)
Will     .....                  (no boots)
Stlth    +.........             (no amulet)
HPRegen  0.17/turn              i - ring of poison resistance
MPRegen  0.10/turn              k - ring of flight

@: brilliant, flying
A: claws 2, powered by pain 1
a: no special abilities


You were on level 5 of the Dungeon.
You visited 1 branch of the dungeon, and saw 5 of its levels.

You collected 176 gold pieces.

Inventory:

Missiles
 c - 3 throwing nets (quivered)
 p - 12 poisoned darts
Armour
 a - a +0 leather armour (worn)
 b - a +0 helmet (worn)
Jewellery
 i - a ring of poison resistance (left claw)
 k - a ring of flight (right claw)
 q - a +4 ring of protection
Wands
 o - a wand of charming (9)
Scrolls
 d - a scroll of silence {unknown}
 e - a scroll of amnesia {unknown}
 f - 5 scrolls of identify {unknown}
 g - a scroll of teleportation {unknown}
 r - a scroll of blinking {unknown}
Potions
 h - a potion of might
 j - a potion of attraction {unknown}
 l - a potion of cancellation {unknown}
 m - a potion of brilliance
 n - 4 potions of curing
 s - a potion of magic


   Skills:
 + Level 3.9 Fighting
 - Level 1.7 Throwing
 - Level 2.6 Dodging
 * Level 9.9 Unarmed Combat


You had 6 spell levels left.
You didn't know any spells.
Your spell library contained the following spells:

 Spells                   Type           Power      Damage    Failure   Level
 Corona                   Hex            0%         N/A       38%         1
 Magic Dart               Conj           0%         1d3       38%         1
 Ensorcelled Hibernation  Hex/Ice        0%         N/A       54%         2
 Searing Ray              Conj           0%         3d3       54%         2
 Confusing Touch          Hex            0%         N/A       77%         3
 Dazzling Flash           Conj/Hex       0%         N/A       77%         3
 Gell's Gravitas          Tloc           0%         N/A       77%         3
 Tukima's Dance           Hex            0%         N/A       77%         3
 Fulminant Prism          Conj/Hex       0%         3d6       99%         4
 Iskenderun's Mystic Bla  Conj/Tloc      0%         2d3       99%         4
 Petrify                  Tmut/Erth      0%         N/A       99%         4
 Metabolic Englaciation   Hex/Ice        0%         N/A       100%        5
 Yara's Violent Unravell  Hex/Tmut       0%         3d3       100%        5


Dungeon Overview and Level Annotations

Branches:
Dungeon (5/15)
 Temple: D:4-7

Altars:
Makhleb
Xom

Shops:
D:2 [


Innate Abilities, Weirdness & Mutations

You have very sharp fingernails.
You sometimes gain a little power by taking damage.


Message History

You are too injured to fight recklessly!
You are too injured to fight recklessly!
There are monsters nearby!
There are monsters nearby!
You claw the howler monkey skeleton!
The howler monkey skeleton is heavily damaged.
The killer bee zombie barely misses you.
An orc comes into view. It is wielding a +2 mace of draining.
You barely miss the howler monkey skeleton.
The howler monkey skeleton is heavily damaged.
The killer bee zombie hits you. The howler monkey skeleton hits you.
The orc hits you with a +0 flail.
The killer bee zombie barely misses you.
You barely miss the howler monkey skeleton.
The howler monkey skeleton is heavily damaged.
The killer bee zombie closely misses you.
The howler monkey skeleton barely misses you.
The orc misses you.
You claw the killer bee zombie!
The killer bee zombie is moderately damaged.
The killer bee zombie hits you but does no damage.
The orc barely misses you. The howler monkey skeleton hits you.
* * * LOW HITPOINT WARNING * * *
The killer bee zombie barely misses you.
You miss the killer bee zombie.
The killer bee zombie is moderately damaged.
The killer bee zombie barely misses you.
The orc barely misses you. The howler monkey skeleton hits you.
* * * LOW HITPOINT WARNING * * *
It was a potion of brilliance.
You feel clever all of a sudden.
The killer bee zombie completely misses you.
The killer bee zombie barely misses you.
The orc hits you but does no damage.
The howler monkey skeleton barely misses you.
It was a potion of magic.
Magic courses through your body. The killer bee zombie hits you.
* * * LOW HITPOINT WARNING * * *
The howler monkey skeleton misses you. The orc hits you with a +0 flail.
You die...

#..)..## ......##
##......## ####
#........## #..##
##.........# #####...#
##..........# #.#..#..##
......))o..####...#.....
.....oZ@....#...........
....##..Z...#........#..
# .#.....###......#####
...........#........#
....................###
.....[...#...###.......#
.........##.###........#
............###...##..##
.............#...##.##


You could see 2 orcs, a killer bee zombie and a howler monkey skeleton.

Vanquished Creatures
  An ice beast (D:5)
  An ogre (D:4)
  A water moccasin zombie (D:5)
  2 iguanas
  An orc wizard (D:5)
  Terence (D:2)
  A hound skeleton (D:5)
  Robin (D:2)
  4 adders
  3 gnolls (D:2)
  An adder skeleton (D:4)
  2 dart slugs
  2 worms (D:3)
  13 orcs
  7 bats
  11 endoplasms
  4 giant cockroaches
  11 hobgoblins
  3 jackals (D:2)
  A quokka (D:4)
  4 ball pythons
  5 frilled lizards
  12 goblins
  8 kobolds
  2 rats
102 creatures vanquished.

Notes
Turn   | Place    | Note
-------+----------+-------------------------------------------
     0 | D:1      | Alarkh the Demonspawn Gladiator began the quest for the
                  | Orb.
     0 | D:1      | Reached XP level 1. HP: 16/16 MP: 1/1
   151 | D:1      | Reached skill level 3 in Unarmed Combat
   253 | D:1      | Gained mutation: You have sharp fingernails. [demonic
                  | ancestry]
   253 | D:1      | Reached XP level 2. HP: 18/22 MP: 2/2
   691 | D:1      | Found a faded altar of an unknown god.
  1011 | D:1      | Reached skill level 9 in Unarmed Combat
  1011 | D:1      | Gained mutation: You have very sharp fingernails. [demonic
                  | ancestry]
  1011 | D:1      | Reached XP level 3. HP: 28/28 MP: 3/3
  1083 | D:2      | Reached XP level 4. HP: 32/34 MP: 4/4
  1160 | D:2      | Found Cuged's Armour Emporium.
  1303 | D:2      | Noticed Terence
  1304 | D:2      | Noticed Robin
  1325 | D:2      | Killed Robin
  1335 | D:2      | Killed Terence
  1336 | D:2      | Reached XP level 5. HP: 33/39 MP: 5/5
  1362 | D:2      | Found a shimmering altar of Xom.
  1893 | D:3      | Found Beistiphy's Weapon Boutique.
  2399 | D:4      | Found a burning altar of Makhleb.
  2753 | D:4      | Noticed an ogre
  2768 | D:4      | Killed an ogre
  2769 | D:4      | Reached XP level 6. HP: 46/47 MP: 6/6
  3238 | D:5      | Entered Level 5 of the Dungeon
  3257 | D:5      | Noticed an ice beast
  3267 | D:5      | Killed an ice beast
  3268 | D:5      | Gained mutation: You sometimes gain a little power by
                  | taking damage. [demonic ancestry]
  3268 | D:5      | Reached XP level 7. HP: 14/53 MP: 7/7
  3602 | D:5      | Slain by an orc

Illustrated notes

Levels and vault maps discovered:
D:1:      amcnicky_arrival_abandoned_market, layout_loops_corners,
          ebering_ecumenical_altar_hall, fountainhead, kennysheep_flooded_box
D:2:      layout_loops_ring, basic_altar, serial_shops, shop, uniq_robin,
          uniq_terence
D:3:      layout_basic, serial_shops, nicolae_shop_window_shopping,
          minmay_distorted
D:4:      minmay_skewed_foursquare, layout_loops_cross, kennysheep_mini_moat,
          kennysheep_crisscross, abandoned_shop
D:5:      layout_cave_pools, goddamned_bats

Skill      XL: |  1  2  3  4  5 |
---------------+----------------+-----
Unarmed Combat | 3 9 |  9.9
Fighting       | 3 |  3.9
Throwing       | |  1.7
Dodging        | |  2.6

Action                   |  1- 3 |  4- 6 |  7- 9 || total
-------------------------+-------+-------+-------++-------
Melee: Unarmed           |    65 |   168 |    21 ||   254
       Punch             |     1 |     5 |       ||     6
  Use: Potion            |     1 |     1 |     2 ||     4
 Stab: Sleeping          |     1 |       |       ||     1
Armor: Leather armour    |    15 |    23 |     6 ||    44
Dodge: Dodged            |    33 |    56 |    28 ||   117

Table legend: (Time is in decaauts)
 A = Elapsed time spent in this place.
 B = Non-inter-level travel time spent in this place.
 C = Inter-level travel time spent in this place.
 D = Time resting spent in this place.
 E = Time spent auto-exploring this place.
 F = Levels seen in this place.
 G = Mean time per level.
                   A        B        C        D        E       F      G
               +--------+--------+--------+--------+--------+-----+--------+
         Total |   3571 |   3277 |    294 |    154 |   2600 |   5 |  714.2 |
       Dungeon |   3571 |   3277 |    294 |    154 |   2600 |   5 |  714.2 |
               +--------+--------+--------+--------+--------+-----+--------+

Top non-repeatable levels by time:
     D:1: 1097 daAuts
     D:4: 883 daAuts
     D:3: 702 daAuts
     D:2: 686 daAuts
     D:5: 201 daAuts
